 Dungeon Crawl Stone Soup version 0.27.0-1-g7a089689b8 (webtiles) character file.

Game seed: 13148214275802244641

371 sasquatch the Insei (level 6, -3/46 HPs)
             Began as a Demigod Transmuter on Aug 6, 2021.
             Slain by Sigmund (9 damage)
             ... on level 4 of the Dungeon.
             The game lasted 00:08:11 (3938 turns).

sasquatch the Insei (Demigod Transmuter)            Turns: 3938, Time: 00:08:11

Health: -3/46      AC:  2    Str: 11    XL:     6   Next: 18%
Magic:  5/11       EV: 19    Int: 19    God:
Gold:   103        SH:  0    Dex: 23    Spells: 2/8 levels left

rFire    . . .     SeeInvis .     - Unarmed
rCold    . . .     Faith    .   (shield currently unavailable)
rNeg     . . .     Spirit   .   (armour currently unavailable)
rPois    x         Reflect  .   (helmet currently unavailable)
rElec    .         Harm     .   (cloak currently unavailable)
rCorr    .         Rampage  .   (gloves currently unavailable)
Will     .....                  (boots currently unavailable)
Stlth    ++........             (no amulet)
HPRegen  0.15/turn              (no ring)
MPRegen  0.12/turn              (no ring)

@: spider-form, wereblooded
A: venomous fangs, tiny, high mp 1, forlorn
a: End Transformation


You were on level 4 of the Dungeon.
You were a venomous arachnid creature.
You visited 1 branch of the dungeon, and saw 4 of its levels.

You collected 136 gold pieces.
You spent 33 gold pieces at shops.

Inventory:

Hand Weapons
 p - a +4 dagger of venom (melded)
Armour
 a - a +0 robe (melded)
 q - a +0 pair of boots (melded)
 r - a +0 kite shield
Magical Staves
 f - a staff of cold
Scrolls
 b - a scroll of enchant armour {unknown}
 c - 2 scrolls of identify {unknown}
 d - a scroll of enchant weapon {unknown}
 e - a scroll of teleportation {unknown}
 g - a scroll of noise {unknown}
 h - 2 scrolls of vulnerability {unknown}
 i - a scroll of blinking {unknown}
 j - a scroll of amnesia {unknown}
 l - a scroll of torment {unknown}
 s - 2 scrolls of magic mapping {unknown}
Potions
 k - a potion of lignification {unknown}
 m - 2 potions of mutation {unknown}
 n - a potion of heal wounds {unknown}
 o - a potion of curing


   Skills:
 - Level 0.8 Fighting
 - Level 1.7 Dodging
 + Level 5.3 Unarmed Combat
 - Level 1.7 Spellcasting
 + Level 4.3 Transmutations


You had 2 spell levels left.
You knew the following spells:

 Your Spells              Type           Power      Damage    Failure   Level
a - Beastly Appendage     Tmut           36%        N/A       11%         1
b - Wereblood             Tmut           18%        N/A       13%         2
c - Spider Form           Tmut/Pois      4%         N/A       43%         3

Your spell library contained the following spells:

 Spells                   Type           Power      Damage    Failure   Level
 Blink                    Tloc           N/A        N/A       47%         2
 Portal Projectile        Hex/Tloc       2%         N/A       67%         3
 Ice Form                 Ice/Tmut       9%         N/A       77%         4
 Blade Hands              Tmut           9%         N/A       82%         5
 Excruciating Wounds      Necr           0%         N/A       100%        5
 Manifold Assault         Tloc           1%         N/A       100%        5
 Storm Form               Tmut/Air       4%         N/A       100%        7


Dungeon Overview and Level Annotations

Branches:
Dungeon (4/15)
 Temple: D:4-7

Shops:
D:2 !*(   D:3 *

Annotations:
D:4 Sigmund


Innate Abilities, Weirdness & Mutations

You are a venomous arachnid creature.
You have poisonous fangs.
You are tiny and dextrous.
Your spellcasting is less reliable in this form.
Your armour is entirely melded.
You are incapable of wielding weapons or throwing items.
Your attributes grow dramatically as you level up.
You have an increased reservoir of magic. (+10% MP)
You shall have no god before yourself.


Message History

Increase (S)trength, (I)ntelligence, or (D)exterity?
You feel agile. x4
Sigmund shouts!
You hear an angry hiss.
You see here a hound corpse.
Things that are here:
a +0 shortbow; 14 arrows; a centaur corpse You howl as the wereblood boils in your veins!
Casting: Spider Form (quite dangerous; 22% risk of failure)
Confirm with . or Enter, or press ? or * to list all spells.
The spell is quite dangerous to cast (22% risk of failure)!
Continue anyway?
You turn into a venomous arachnid creature.
Your +4 dagger of venom melds into your body.
Your +0 pair of boots melds into your body.
Your +0 robe melds into your body.
Your +4 dagger of venom stops dripping with poison.
An adder comes into view.
You hiss as the wereblood boils in your veins!
The adder misses you. Sigmund closely misses you. The adder misses you.
You see here a hound corpse.
You barely miss the adder. The adder barely misses you.
Sigmund completely misses you.
You closely miss the adder. The adder misses you. Sigmund closely misses you.
You bite the adder!
The adder is poisoned.
The adder is almost dead.
You hiss as the wereblood boils in your veins!
The adder bites you.
Sigmund hits you from afar with a +0 scythe!
* * * LOW HITPOINT WARNING * * *
You closely miss the adder.
The adder is almost dead.
You feel a bit better.
You kill the adder!
Sigmund misses you.
You bite Sigmund!
Sigmund is poisoned.
Sigmund is moderately wounded.
Sigmund barely misses you.
You bite Sigmund!
Sigmund looks as sick as possible!
Sigmund is heavily wounded.
Sigmund hits you with a +0 scythe!
You die...

#.c......# ##.#
#........############.###
#......h.#.........##...#
#......>##.........####.#
#.......##.........# #.#
#.##.........# #.#
##.##.........# #.#
###.†##†).......# #.##
#....@s.....[...# #..#
#..####.........# ##.#
#.# #......<..# #... ##
#..(......####...
#########........
######... #... ####


You could see Sigmund (extremely poisoned).

Vanquished Creatures
  An ogre (D:3)
  A centaur (D:4)
  2 hounds
  2 gnolls
  5 adders
  An adder skeleton (D:3)
  4 dart slugs
  2 orcs
  7 ball pythons
  6 endoplasms
  3 giant cockroaches
  4 goblins
  4 hobgoblins
  12 jackals
  3 quokkas
  2 bats (D:3)
  3 frilled lizards
  3 kobolds
  2 rats
67 creatures vanquished.

Vanquished Creatures (others)
  2 fungi (D:1)
  4 plants (D:1)
6 creatures vanquished.

Grand Total: 73 creatures vanquished

Notes
Turn   | Place    | Note
-------+----------+-------------------------------------------
     0 | D:1      | sasquatch the Demigod Transmuter began the quest for the
                  | Orb.
     0 | D:1      | Reached XP level 1. HP: 15/15 MP: 5/5
   206 | D:1      | Reached skill level 3 in Unarmed Combat
   206 | D:1      | Reached XP level 2. HP: 3/22 MP: 5/7
   222 | D:1      | Learned a level 2 spell: Wereblood
  1378 | D:2      | Found Oqyun's Distillery.
  1387 | D:2      | Reached XP level 3. HP: 24/27 MP: 8/8
  1430 | D:2      | Bought a potion of curing for 33 gold pieces
  1645 | D:2      | Found Noeran's Assorted Antiques.
  1751 | D:2      | Found Otrunonn's Antique Weapon Emporium.
  1893 | D:2      | Reached skill level 4 in Unarmed Combat
  2328 | D:3      | Reached XP level 4. HP: 31/34 MP: 7/9
  2332 | D:3      | Learned a level 3 spell: Spider Form
  3138 | D:3      | Found Yseghud's Assorted Antiques.
  3294 | D:3      | Noticed an ogre
  3337 | D:3      | Killed an ogre
  3338 | D:3      | Reached XP level 5. HP: 39/39 MP: 7/10
  3579 | D:4      | Noticed Sigmund
  3906 | D:4      | Noticed a centaur
  3921 | D:4      | Reached skill level 5 in Unarmed Combat
  3926 | D:4      | Killed a centaur
  3927 | D:4      | Reached XP level 6. HP: 15/46 MP: 6/11
  3938 | D:4      | Slain by Sigmund

Illustrated notes

Levels and vault maps discovered:
D:1:      sevenhm_arrival_forest_fort_small_6, layout_loops_ring,
          shapermc_ecumenical_altar_mp_ritualfount
D:2:      layout_rooms, serial_shops, nicolae_diamond_shop, shop,
          nicolae_shop_stone, minmay_misc_feat_x, kennysheep_small_spiral
D:3:      layout_loops_ring, serial_shops, nicolae_shop_crystal,
          dk_noncrumbling_4, minmay_increasing_density
D:4:      layout_rooms, mainiacjoe_overflow_24_doors, uniq_sigmund, uniq_grinder

Skill      XL: |  1  2  3  4  5 |
---------------+----------------+-----
Unarmed Combat | 3 4 5 |  5.3
Transmutations | 2 3 4 |  4.3
Fighting       | |  0.8
Dodging        | |  1.7
Spellcasting   | |  1.7

Action                   |  1- 3 |  4- 6 || total
-------------------------+-------+-------++-------
Melee: Unarmed           |   120 |    39 ||   159
       Kick              |    21 |     7 ||    28
       Headbutt          |    13 |     7 ||    20
       Punch             |     4 |       ||     4
       Dagger            |       |    44 ||    44
 Cast: Beastly Appendage |    23 |    10 ||    33
       Wereblood         |     2 |     3 ||     5
       Spider Form       |       |     2 ||     2
  Use: Potion            |     2 |       ||     2
 Stab: Sleeping          |       |     1 ||     1
Armor: Robe              |    13 |    18 ||    31
Dodge: Dodged            |    74 |    61 ||   135
